 Dungeon Crawl Stone Soup version 0.30-a0-739-gea05faddec (webtiles) character file.

Game seed: 4635058768606591228

1867093 ragingrage the Earth Mage (level 27, 252/253 HPs)
             Began as a Purple Draconian Artificer on Feb 3, 2023.
             Was the Champion of Ashenzari.
             Escaped with the Orb
             ... and 4 runes on Feb 4, 2023!
             The game lasted 02:47:49 (118768 turns).

ragingrage the Earth Mage (DrAr)                  Turns: 118768, Time: 02:47:49

Health: 252/253    AC: 31    Str: 20      XL:     27
Magic:  39/51      EV: 28    Int: 25 (26) God:    Ashenzari [******]
Gold:   2676       SH: 17    Dex: 20      Spells: 3/65 levels left

rFire   + + .      SeeInvis +    I - +6 war axe "Insecurity of Ashenzari" {spect, *Noise rC+ Str+4, Elem, Melee} (curse)
rCold   + . .      Faith    .    o - +3 buckler "Shackled With Me" {AC+3, Comp, Elem} (curse)
rNeg    + + .      Spirit   .    (body armour unavailable)
rPois   +          Reflect  +    w - +2 hat of the Ruined Pleiades {Alch, Self} (curse)
rElec   .          Harm     +    q - +4 dragonskin cloak {Bglg, Elem} (curse)
rCorr   .          Rampage  .    x - +5 pair of gloves "Per Aspera Ad Scientiam" {Drain Dex+4, Alch, Elem} (curse)
Will    ++++.      Clarity  +    h - +1 pair of boots of the Gnostic Sophism {Harm, Elem, Evo} (curse)
Stlth   ++                       R - amulet "Oblivion of Ashenzari" {Reflect rPois SH+5, Cun, Self} (curse)
HPRegen 0.62/turn                p - ring "Lashed Together" {Int+6, Elem, Melee} (curse)
MPRegen 0.32/turn                N - ring of Panopticon {rF+ rN++ MP+9 Stlth-, Bglg, Comp} (curse)

@: studying 3 skills
A: breathe power, AC +13, unfitting armour, cold-blooded, horns 1, deterioration
2, fire resistance 1, low MP 1, inability to drink after injury 1
0: Orb of Zot
}: 4/15 runes: serpentine, barnacled, slimy, silver
a: Breathe Dispelling Energy, Renounce Religion, Shatter the Chains


You escaped.
You worshipped Ashenzari.
Ashenzari was exalted by your worship.
You visited 10 branches of the dungeon, and saw 52 of its levels.
You visited 1 bazaar.
You visited 1 ziggurat, and saw 19 of its levels.
You also visited: Sewer, Ice Cave and Volcano.

You collected 9089 gold pieces.
You spent 6413 gold pieces at shops.

Inventory:

Hand Weapons
 I - the cursed +6 war axe "Insecurity of Ashenzari" (weapon) {spect, *Noise rC+ Str+4, Elem, Melee}
   (You found it on level 6 of the Dungeon)

   Str:       It affects your strength (+4).
   rC:        It protects you from cold.
   *Noise:    It may make noises in combat.
   It has a curse which improves the following skills: Elements: Fire Magic, Ice
   Magic, Air Magic and Earth Magic.
   Melee Combat: Short Blades, Long Blades, Axes, Maces & Flails, Polearms,
   Staves and Unarmed Combat.
Missiles
 Q - 2 throwing nets
Armour
 h - the cursed +1 pair of boots of the Gnostic Sophism (worn) {Harm, Elem, Evo}
   (You found it on level 17 of a ziggurat)

   Harm:      It increases damage dealt and taken.
   It has a curse which improves the following skills: Elements: Fire Magic, Ice
   Magic, Air Magic and Earth Magic.
   Evocations: Evocations.
 o - the cursed +3 buckler "Shackled With Me" (worn) {AC+3, Comp, Elem}
   (You bought it in a shop on level 2 of the Orcish Mines)

   It has a curse which improves the following skills: Companions: Summonings
   and Necromancy.
   Elements:  Fire Magic, Ice Magic, Air Magic and Earth Magic.
 q - the cursed +4 dragonskin cloak (worn) {Bglg, Elem}
   (You took it off Tiamat on level 3 of the Realm of Zot)

   Avatar's Aegis: It grants the wearer a chance to resist fire, cold, poison,
   electricity, acid, and negative energy.
   It has a curse which improves the following skills: Beguiling: Conjurations,
   Hexes and Translocations.
   Elements:  Fire Magic, Ice Magic, Air Magic and Earth Magic.
 w - the cursed +2 hat of the Ruined Pleiades (worn) {Alch, Self}
   (You found it on level 3 of the Dungeon)

   It has a curse which improves the following skills: Alchemy: Poison Magic and
   Transmutations.
   Introspection: Fighting and Spellcasting.
 x - the cursed +5 pair of gloves "Per Aspera Ad Scientiam" (worn) {Drain Dex+4, Alch, Elem}
   (You found it on level 11 of the Dungeon)

   Dex:       It affects your dexterity (+4).
   Drain:     It drains your maximum health when unequipped.
   It has a curse which improves the following skills: Alchemy: Poison Magic and
   Transmutations.
   Elements:  Fire Magic, Ice Magic, Air Magic and Earth Magic.
Jewellery
 f - the ring "Nudeor" {rElec rPois rCorr}
   (You found it on level 2 of the Depths)

   [ring of poison resistance]

   rElec:     It insulates you from electricity.
   rPois:     It protects you from poison.
   rCorr:     It protects you from acid and corrosion.
 m - the ring "Nuol Russ" {rF+ rCorr MP+9 Int-3}
   (You found it on level 17 of a ziggurat)

   [ring of protection from fire]

   Int:       It affects your intelligence (-3).
   rF:        It protects you from fire.
   MP:        It affects your magic capacity (+9).
   rCorr:     It protects you from acid and corrosion.
 p - the cursed ring "Lashed Together" (left hand) {Int+6, Elem, Melee}
   (You found it on level 2 of the Dungeon)

   [ring of intelligence]

   Int:       It affects your intelligence (+6).
   It has a curse which improves the following skills: Elements: Fire Magic, Ice
   Magic, Air Magic and Earth Magic.
   Melee Combat: Short Blades, Long Blades, Axes, Maces & Flails, Polearms,
   Staves and Unarmed Combat.
 v - the amulet of Duacroru {rC+ Will+ Regen+ Str+2}
   (You found it on level 8 of a ziggurat)

   [amulet of regeneration]

   Str:       It affects your strength (+2).
   rC:        It protects you from cold.
   Regen:     It increases your rate of health regeneration.
   Will:      It increases your willpower.
 y - the amulet "Miell" {RegenMP Will+}
   (You found it on level 10 of a ziggurat)

   [amulet of magic regeneration]

   It increases your rate of magic regeneration.
   Will:      It increases your willpower.
 N - the cursed ring of Panopticon (right hand) {rF+ rN++ MP+9 Stlth-, Bglg, Comp}
   (You found it on level 5 of the Pits of Slime)

   [ring of magical power]

   rF:        It protects you from fire.
   rN:        It greatly protects you from negative energy.
   MP:        It affects your magic capacity (+9).
   Stlth:     It makes you less stealthy.
   It has a curse which improves the following skills: Beguiling: Conjurations,
   Hexes and Translocations.
   Companions: Summonings and Necromancy.
 R - the cursed amulet "Oblivion of Ashenzari" (around neck) {Reflect rPois SH+5, Cun, Self}
   (You acquired it on level 1 of the Dungeon)

   [amulet of reflection]

   It reflects blocked missile attacks.
   rPois:     It protects you from poison.
   SH:        It affects your SH (+5).
   It has a curse which improves the following skills: Cunning: Dodging and
   Stealth.
   Introspection: Fighting and Spellcasting.
 U - the ring "Aptohir" {Fire rN++ rCorr Int+3 Dex-5}
   (You took it off an ironbound convoker on level 5 of the Vaults)

   [ring of fire]

   It enhances your fire magic.
   Int:       It affects your intelligence (+3).
   Dex:       It affects your dexterity (-5).
   rF:        It protects you from fire.
   rC:        It makes you vulnerable to cold.
   rN:        It greatly protects you from negative energy.
   rCorr:     It protects you from acid and corrosion.
Wands
 b - a wand of polymorph (12)
 d - a wand of iceblast (54)
 P - a wand of paralysis (63)
 T - a wand of digging (24)
 Z - a wand of light (41)
Scrolls
 c - 8 scrolls of enchant armour
 i - 46 scrolls of teleportation
 j - 6 scrolls of butterflies
 k - 16 scrolls of magic mapping
 r - 15 scrolls of fear
 z - 6 scrolls of blinking
 B - 10 scrolls of silence
 E - 12 scrolls of immolation
 H - 4 scrolls of fog
 J - a scroll of poison
 M - 7 scrolls of enchant weapon
 X - 6 scrolls of vulnerability
Potions
 a - 12 potions of mutation
 e - 2 potions of brilliance
 g - 10 potions of cancellation
 l - 7 potions of invisibility
 n - 22 potions of curing
 u - 8 potions of lignification
 C - 9 potions of might
 D - 10 potions of attraction
 F - 11 potions of flight
 G - 3 potions of resistance
 K - 10 potions of haste
 L - 5 potions of berserk rage
 O - 8 potions of magic
 S - 3 potions of heal wounds
Miscellaneous
 s - a phantom mirror
 t - a box of beasts
 A - a tin of tremorstones (2/2)
 W - a lightning rod (4/4)
 Y - a condenser vane


   Skills:
 - Level 18.0(21.7) Fighting
 - Level 1.3(3.7) Short Blades
 - Level 12.2(16.1) Axes
 + Level 18.9(21.3) Dodging
 - Level 12.7(15.3) Stealth
 - Level 15.0 Shields
 - Level 15.9(19.7) Spellcasting
 - Level 18.0(21.6) Conjurations
 - Level 15.1(19.0) Summonings
 + Level 18.3(22.0) Necromancy
 - Level 3.0(6.2) Translocations
 - Level 6.5(10.4) Transmutations
 - Level 16.9(24.9) Fire Magic
 - Level 20.1(27) Earth Magic
 - Level 20.0(22.3) Evocations


You had 3 spell levels left.
You knew the following spells:

 Your Spells              Type           Power      Damage    Failure   Level
a - Spellforged Servitor  Conj/Summ      45%        N/A       1%          7
b - Blink                 Tloc           100%       N/A       1%          2
c - Iron Shot             Conj/Erth      49%        9d9       0%          6
d - Wereblood             Tmut           67%        N/A       1%          2
e - Irradiate             Conj/Tmut      40%        3d25      1%          5
f - Borgnjor's Vile Clut  Necr/Erth      49%        N/A       0%          5
g - Ignition              Fire           49%        3d14      1%          8
h - Shatter               Erth           51%        3d39*     3%          9
i - Ozocubu's Armour      Ice            30%        N/A       3%          3
j - Statue Form           Tmut/Erth      58%        N/A       1%          6
k - Death's Door          Necr           47%        N/A       26%         9

Your spell library contained the following spells:

 Spells                   Type           Power      Damage    Failure   Level
 Foxfire                  Conj/Fire      100%       2x1d9     0%          1
 Kiss of Death            Conj/Necr      100%       2d13      0%          1
 Magic Dart               Conj           100%       1d8       0%          1
 Necrotise                Necr           100%       1d9       0%          1
 Sandblast                Erth           100%       2d20      0%          1
 Summon Small Mammal      Summ           100%       N/A       0%          1
 Momentum Strike          Conj/Tloc      100%       3d10      0%          2
 Scorch                   Fire           100%       2d10      0%          2
 Searing Ray              Conj           100%       2d8       0%          2
 Sublimation of Blood     Necr           94%        N/A       0%          2
 Vampiric Draining        Necr           94%        2d12      0%          3
 Apportation              Tloc           100%       N/A       1%          1
 Beastly Appendage        Tmut           100%       N/A       1%          1
 Freeze                   Ice            100%       1d10      1%          1
 Slow                     Hex            100%       N/A       1%          1
 Sting                    Tmut/Pois      100%       1d8       1%          1
 Lesser Beckoning         Tloc           100%       N/A       1%          2
 Static Discharge         Conj/Air       100%       2-7/arc   1%          2
 Gell's Gravitas          Tloc           54%        N/A       1%          3
 Hailstorm                Conj/Ice       69%        3d14      1%          3
 Ignite Poison            Fire/Tmut/Pois 71%        N/A       1%          3
 Inner Flame              Hex/Fire       73%        N/A       1%          3
 Kindle Blastsparks       Fire/Tloc/Air  100%       2d18      1%          3
 Mephitic Cloud           Conj/Pois/Air  59%        N/A       1%          3
 Spider Form              Tmut/Pois      51%        N/A       1%          3
 Summon Guardian Golem    Hex/Summ       65%        N/A       1%          3
 Teleport Other           Tloc           54%        N/A       1%          3
 Vhi's Electric Charge    Tloc/Air       86%        N/A       1%          3
 Frozen Ramparts          Ice            60%        1d10      3%          3
 Confusing Touch          Hex            27%        N/A       4%          3
 Tukima's Dance           Hex            27%        N/A       4%          3
 Dispel Undead            Necr           94%        3d30      0%          4
 Flame Wave               Conj/Fire      96%        2d20      0%          4
 Petrify                  Tmut/Erth      87%        N/A       0%          4
 Sticky Flame             Conj/Fire      96%        2d11      0%          4
 Fireball                 Conj/Fire      48%        3d19      0%          5
 Iskenderun's Battlesphe  Conj           93%        2d14      0%          5
 Anguish                  Hex/Necr       34%        N/A       1%          4
 Fulminant Prism          Conj/Hex       34%        3d16      1%          4
 Ice Form                 Ice/Tmut       52%        N/A       1%          4
 Passage of Golubria      Tloc           54%        N/A       1%          4
 Summon Ice Beast         Ice/Summ       66%        N/A       1%          4
 Arcjolt                  Conj/Air       34%        1d44      1%          5
 Lightning Bolt           Conj/Air       34%        1d52      1%          5
 Summon Forest            Summ/Tloc      36%        N/A       1%          5
 Summon Mana Viper        Hex/Summ       65%        N/A       1%          5
 Starburst                Conj/Fire      48%        6d13      1%          6
 Summon Cactus Giant      Summ           44%        N/A       1%          6
 Monstrous Menagerie      Summ           44%        N/A       1%          7
 Orb of Destruction       Conj           46%        9d12      1%          7
 Borgnjor's Revivificati  Necr           47%        N/A       1%          8
 Lehudib's Crystal Spear  Conj/Erth      49%        10d12     1%          8
 Freezing Cloud           Conj/Ice/Air   29%        6-21      2%          5
 Simulacrum               Ice/Necr       35%        N/A       2%          6
 Conjure Ball Lightning   Conj/Air       34%        3x3d11    3%          6
 Alistair's Intoxication  Tmut/Pois      34%        N/A       6%          5
 Yara's Violent Unravell  Hex/Tmut       25%        3d11      6%          5
 Fire Storm               Conj/Fire      48%        8d12      14%         9
 Cause Fear               Hex            13%        N/A       17%         4
 Olgreb's Toxic Radiance  Pois           27%        N/A       17%         4
 Necromutation            Tmut/Necr      41%        N/A       17%         8
 Dispersal                Tloc           27%        N/A       24%         6
 Dragon Form              Tmut           33%        N/A       24%         7
 Eringya's Noxious Bog    Tmut/Pois      25%        N/A       32%         6
 Metabolic Englaciation   Hex/Ice        14%        N/A       38%         5
 Dragon's Call            Summ           44%        N/A       65%         9
 Storm Form               Tmut/Air       26%        N/A       85%         7
 Enfeeble                 Hex            13%        N/A       100%        7
 Ozocubu's Refrigeration  Ice            15%        4d10      100%        7
 Discord                  Hex            13%        N/A       100%        8
 Disjunction              Tloc           27%        N/A       100%        8
 Chain Lightning          Conj/Air       34%        3d46      100%        9
 Polar Vortex             Ice            15%        N/A       100%        9


Dungeon Overview and Level Annotations

Branches:
Dungeon (15/15)            Temple (0/1) D:7            Lair (5/5) D:9
 Shoals (4/4) Lair:3        Snake (4/4) Lair:2        Slime (5/5) Lair:4
    Orc (2/2) D:12            Elf (3/3) Orc:2        Vaults (5/5) D:14
  Crypt (0/3) Vaults:3     Depths (4/4) D:15            Zot (5/5) Depths:4
  Sewer (visited)           IceCv (visited)         Volcano (visited)

Altars:
Ashenzari
Cheibriados
Elyvilon
Fedhas
Hepliaklqana
Kikubaaqudgha
Nemelex Xobeh
Qazlal
Vehumet
Xom
Jiyva
Lugonu

Shops:
D:1 *   D:8 *:   D:15 =   Orc:2 *[[:[(:(!   Elf:1 *   Elf:3 ?   Snake:3 [
Vaults:5 =(

Portals:
Hell: Depths:1 Depths:2 Depths:3 Depths:4
Abyss: Lair:5 Depths:1 Depths:3
Pandemonium: Depths:1 Depths:2 Depths:3
Trove: D:11 (give 4 scrolls of blinking)

Annotations:
Elf:2 3 runed translucent doors
Elf:3 1 exclusion, Nikola
Zot:3 1 runed translucent door, b0rk's ghost, master OgBe


Innate Abilities, Weirdness & Mutations

You can breathe bolts of dispelling energy.
Your rich purple scales are hard. (AC +13)
You cannot fit into any form of body armour.
You are cold-blooded and may be slowed by cold attacks.
You have a pair of small horns on your head.
Your body often deteriorates upon taking damage.
Your flesh is heat resistant. (rF+)
Your magical capacity is low. (-10% MP)
You occasionally lose the ability to drink potions when taking damage.


Message History

You swing at nothing.
(D) Dungeon (T) Temple (L) Lair (A) Shoals (P) Snake Pit (M) Slime Pits (O) Orcish Mines (E) Elven Halls (V) Vaults (C) Crypt (U) Depths (H) Hell (Z) Zot
Where to? (Enter - D:1 @ (x,y), ? - help)
You enter the shallow water.
Moving in this stuff is going to be slow.
HP restored.
There is a staircase leading out of the dungeon here.
(D) Dungeon (T) Temple (L) Lair (A) Shoals (P) Snake Pit (M) Slime Pits (O) Orcish Mines (E) Elven Halls (V) Vaults (C) Crypt (U) Depths (H) Hell (Z) Zot
Where to? (Enter - D:1 @ (x,y), ? - help) You're already here!
An Orb Guardian comes into view.
There is a staircase leading out of the dungeon here.
Casting: Iron Shot (safe; 0% risk of failure)
Confirm with . or Enter, or press ? or * to list all spells.
You summon a servant imbued with your destructive magic!
Aiming: Iron Shot (safe; 0% risk of failure)
Press: ? - help, Q - select action, (/) - cycle Shift-Dir - straight line, f - Orb Guardian
Aim: an Orb Guardian (ally target, 69% to hit)
The iron shot hits the Orb Guardian!!!
The Orb Guardian is heavily wounded.
Your spellforged servitor points at the Orb Guardian and mumbles some strange words.
The iron shot hits the Orb Guardian!!!
The Orb Guardian dies!
Your life force feels restored.
Aiming: Iron Shot (safe; 0% risk of failure)
Press: ? - help, Q - select action, (/) - cycle Shift-Dir - straight line, f - you That beam is likely to hit you.
Continue anyway? [Y]es or [N]o only, please.
That beam is likely to hit you.
Continue anyway?
Okay, then.
Unknown command.
Okay, then.
There are no items here.
You have escaped!

#...............# ###
##..#...#######.# #..
#..##...## #.# #.#
##.####...## ##.### #..
...# ##...###....# #..
#### ##...#.....# ##.
## ##....9...##### ###.
.#########........'..>#
#...
................@.#####
#..#
.########.........#
#.#.
.##################
###.#.
..................####
#.....
.##############......#
#..##. .# #......#
#.#.). ## #......#
###.#... #......#
#......# #####.###
#..##.#.


You could see a friendly spellforged servitor (summoned).

Vanquished Creatures
  the Royal Jelly (Slime:5)
  4 dread liches
  3 ancient liches
  Tiamat (Zot:3)
  5 orbs of fire
  3 juggernauts
  A pandemonium lord (Zig:1)
  Josephina (Zot:2)
  5 curse toes
  3 Killer Klowns (Zot:5)
  A caustic shrike (Depths:3)
  A profane servitor (Zig:18)
  7 bone dragons
  9 golden dragons
  3 electric golems
  5 hellephants
  2 Brimstone Fiends
  A Hell Sentinel (Zig:19)
  22 tentacled monstrosities
  18 Orb Guardians (Zot:5)
  3 Ice Fiends (Zig:19)
  3 searing wretches (Zig:17)
  A deep elf blademaster (Zig:8)
  Jorgrun (Shoals:2)
  3 deep elf master archers
  15 liches
  A walking divine tome (Depths:2)
  4 titans
  13 acid blobs
  12 quicksilver dragons
  4 ancient champions
  6 sphinxes
  3 tentacled starspawn (Zig:14)
  A kraken (Shoals:4)
  5 tengu reavers
  4 Executioners (Zig:19)
  4 death cobs
  Frances (D:13)
  14 shadow dragons
  18 storm dragons
  12 azure jellies
  9 revenants
  13 nagarajas
  8 draconian monks
  Kirke (Shoals:1)
  Donald (Vaults:3)
  An iron dragon (Depths:2)
  A demonspawn warmonger (Zig:19)
  14 fire giants
  6 draconian scorchers
  7 frost giants
  13 draconian knights
  3 rockslimes
  Aizul (Shoals:2)
  15 vault wardens
  A quicksilver elemental (Zig:4)
  5 ghost moths
  13 balrugs (Zig:17)
  An orc warlord (Orc:1)
  8 draconian shifters
  A deep elf elementalist (Zig:15)
  8 draconian stormcallers
  3 curse skulls (Zig:18)
  20 ironbound preservers
  A cacodemon (Depths:3)
  A spriggan defender (Depths:2)
  8 draconian annihilators
  2 reapers
  A demonspawn corrupter (Zig:14)
  2 ghouls
  11 quicksilver oozes
  2 demonspawn blood saints
  16 stone giants
  5 war gargoyles
  17 very ugly things
  17 vampire knights
  11 red draconians
  An eleionoma (shapeshifter) (Vaults:5)
  3 deep elf demonologists (Zig:15)
  7 ironbound thunderhulks
  10 green draconians
  A putrid mouth (Zig:3)
  Azrael (D:13)
  7 yellow draconians
  A grey draconian (Depths:4)
  10 black draconians
  A starcursed mass (Zig:14)
  5 deep elf annihilators
  15 purple draconians
  4 spark wasps (Depths:3)
  16 white draconians
  24 dire elephants
  An iron golem (Zig:4)
  5 merfolk javelineers
  2 green deaths
  20 ettins
  2 deep elf death magi
  6 fire dragons
  8 merfolk impalers
  5 eidola
  A blizzard demon (Zig:19)
  8 deep elf high priests
  A jiangshi (Zig:5)
  2 crystal guardians
  11 yaktaur captains
  An entropy weaver (Vaults:5)
  5 great orbs of eyes
  4 salamander tyrants
  2 peacekeepers
  2 rakshasas (Depths:1)
  Erolcha (Orc:2)
  4 merfolk avatars
  10 ice dragons
  5 ogre magi
  4 hydras
  10 anacondas
  31 vault guards
  A hell beast (Zig:19)
  4 ironbound frosthearts
  9 centaur warriors
  10 two-headed ogres
  5 merfolk aquamancers
  Erica (D:8)
  2 satyrs
  2 catoblepae
  The ghost of superbruh the Cleaver, a novice MiFi of Cheibriados (D:9)
  2 boulder beetles
  15 dancing weapons
  6 vampire magi
  14 naga warriors
  2 alligator snapping turtles
  5 deep troll shamans
  8 death yaks
  3 spriggan berserkers
  16 naga sharpshooters
  11 deep troll earth magi
  8 thrashing horrors
  8 hell knights
  9 shock serpents
  3 soul eaters
  2 tengu warriors
  2 crystal echidnas (Zig:4)
  Amaemon (Lair:3)
  3 sixfirhies
  10 iron trolls
  5 deep elf knights
  A wretched star (Zig:14)
  A sun demon (Depths:3)
  5 salamander mystics
  7 skeletal warriors
  A spark wasp zombie (Depths:2)
  The ghost of Strat the Slicer, a novice DrRe of Wu Jian (D:6)
  4 shadow wraiths
  58 deep trolls
  5 flayed ghosts
  A kraken simulacrum (Shoals:4)
  A quicksilver dragon simulacrum (Zot:2)
  2 lindwurms (Vaults:2)
  18 sea snakes
  A glowing orange brain (Slime:5)
  A spriggan druid (Zig:13)
  A swamp dragon (Depths:4)
  10 deep elf archers
  4 naga ritualists
  12 ironbound convokers
  An orange crystal statue (Zot:5)
  5 orc knights
  A wolf spider (Vaults:5)
  9 wizards
  A harpy (shapeshifter) (Lair:5)
  31 harpies
  5 phantasmal warriors
  13 mana vipers
  6 necromancers
  A mana viper (shapeshifter) (Vaults:5)
  7 large abominations
  21 deep elf pyromancers
  30 deep elf zephyrmancers
  13 fauns
  An iron dragon zombie (Depths:2)
  14 orc sorcerers
  41 ugly things
  6 cyclopes
  A wolf spider (shapeshifter) (Lair:5)
  17 moths of wrath
  4 shining eyes
  11 salamanders
  16 manticores
  An iron dragon skeleton (Depths:2)
  12 merfolk sirens
  30 elephants
  11 guardian serpents
  An ice statue (IceCv)
  5 centaur zombies (D:10)
  Joseph (D:7)
  2 human skeletons (Vaults:4)
  41 black mambas
  A rust devil (Depths:3)
  11 vault sentinels
  2 smoke demons
  21 naga magi
  2 eyes of devastation (Slime:5)
  8 water nymphs
  4 centaur skeletons (D:14)
  8 gargoyles
  An orange demon (Lair:3)
  3 hellions
  13 cane toads
  4 torpor snails
  2 tormentors
  An unseen horror zombie (D:10)
  8 komodo dragons
  2 kobold demonologists (D:10)
  4 rime drakes
  A rime drake (shapeshifter) (Elf:2)
  18 yaktaurs
  14 ice devils
  3 tengu conjurers (Depths:3)
  4 freezing wraiths
  14 merfolk
  3 trolls
  A wolf spider simulacrum (D:15)
  4 ancient zymes
  7 hornets
  7 wind drakes
  2 harpy skeletons (Volcano)
  4 polar bears
  A sphinx simulacrum (Depths:2)
  A nameless horror (Shoals:4)
  Grinder (D:6)
  11 blink frogs
  A draconian simulacrum (Zot:2)
  6 snapping turtles
  13 dream sheep
  106 slime creatures
  3 flying skulls (Volcano)
  7 shadows
  3 dire elephant simulacra (IceCv)
  7 spriggans
  A wraith (D:9)
  15 water elementals
  4 air elementals
  4 vampires
  5 ynoxinuls
  4 alligator skeletons (Volcano)
  3 fire bats (Lair:2)
  5 basilisks
  65 yaks
  7 fire elementals
  12 small abominations (Lair:5)
  2 steam dragons (D:8)
  2 wyverns
  3 death yak simulacra (IceCv)
  5 hogs (Shoals:1)
  5 vampire mosquitoes
  5 chaos spawn
  3 neqoxecs (Depths:3)
  A redback (D:13)
  Grum (D:11)
  3 harpy simulacra (IceCv)
  Menkaure (D:6)
  45 nagas
  6 acid dragons
  A glowing shapeshifter zombie (Depths:2)
  2 wargs (Orc:1)
  A floating eye (Depths:1)
  16 water moccasins
  A hydra simulacrum (IceCv)
  A glowing shapeshifter skeleton (Vaults:4)
  2 moth of wrath simulacra (Zot:2)
  2 hell hounds (D:13)
  An ice beast (D:7)
  20 orc warriors
  A black bear (D:6)
  11 ogres
  A boggart (Elf:1)
  27 wolves
  17 centaurs
  3 kobold brigands
  A phantom (D:6)
  6 bullfrogs
  4 necrophages
  A gnoll sergeant (D:13)
  6 earth elementals
  A two-headed ogre simulacrum (IceCv)
  3 scorpions
  A cane toad simulacrum (IceCv)
  6 killer bees
  3 spriggan skeletons (Volcano)
  9 elephant simulacra (IceCv)
  2 troll skeletons (Volcano)
  4 howler monkeys
  3 electric eels (Lair:2)
  2 lava snakes (Lair:2)
  10 jellies
  4 hounds
  A gnoll bouda (D:9)
  13 orc priests
  3 iguanas
  31 orc wizards
  A hell rat (D:9)
  A troll simulacrum (IceCv)
  5 polar bear simulacra (IceCv)
  A spriggan simulacrum (IceCv)
  2 wolf simulacra (IceCv)
  A boggart simulacrum (D:14)
  9 gnolls
  9 adders
  A naga simulacrum (IceCv)
  A river rat (D:9)
  A shadow imp (D:5)
  16 white imps
  4 ufetubi
  2 worms
  A dart slug (D:2)
  66 orcs
  12 ball pythons
  8 bats
  20 endoplasms
  7 giant cockroaches
  4 goblins
  3 hobgoblins
  7 jackals
  17 kobolds
  8 quokkas
  7 frilled lizards
  9 rats
  A spectral kobold (D:1)
  2 starspawn tentacles (Zig:14)
  8 tentacles (Shoals:4)
2388 creatures vanquished.

Vanquished Creatures (collateral kills)
  3 orbs of fire (Zot:5)
  Mara (Depths:1)
  A Killer Klown (Zot:5)
  A caustic shrike (Zig:13)
  3 golden dragons
  A profane servitor (Zig:14)
  3 tentacled monstrosities
  7 Orb Guardians
  A lich (Depths:2)
  2 titans
  A quicksilver dragon (Zot:4)
  2 acid blobs
  A walking divine tome (Depths:2)
  3 sphinxes
  A tengu reaver (Depths:2)
  3 storm dragons
  2 shadow dragons
  3 draconian monks
  An azure jelly (Slime:1)
  4 rockslimes
  4 fire giants
  A deep elf sorcerer (Elf:3)
  A daeva (Zot:3)
  6 frost giants
  2 vault wardens
  A draconian scorcher (Zot:5)
  A balrug (Depths:2)
  2 deep elf elementalists (Elf:3)
  5 ironbound preservers
  A curse skull (Vaults:3)
  A cacodemon (Zig:14)
  4 very ugly things
  A quicksilver ooze (Slime:5)
  A stone giant (Depths:3)
  A deep elf demonologist (Elf:3)
  A grey draconian (Depths:4)
  4 yellow draconians
  2 purple draconians
  3 deep elf annihilators
  A black draconian (Zot:5)
  7 dire elephants
  3 spark wasps (Depths:3)
  2 white draconians
  2 ettins
  2 red draconians
  2 deep elf death magi
  2 fire dragons (Depths:3)
  A deep elf high priest (Elf:1)
  2 yaktaur captains
  3 great orbs of eyes
  The ghost of Coanextu the Cleaver, a journeyman HOFi of Beogh (D:13)
  2 ice dragons
  A hydra (D:15)
  A hydra (shapeshifter) (Depths:2)
  A vault guard (Vaults:5)
  A peacekeeper (Vaults:4)
  A catoblepas (D:13)
  3 dancing weapons (Elf:1)
  3 ironbound frosthearts
  5 deep troll shamans
  6 deep troll earth magi
  A vampire mage (Depths:1)
  3 deep elf knights (Elf:2)
  A soul eater (Depths:3)
  2 hell knights
  2 iron trolls
  2 sun demons
  A spriggan (Depths:1)
  A sixfirhy (Zot:3)
  18 deep trolls
  A glowing orange brain (Depths:2)
  2 deep elf archers (Elf:1)
  2 swamp dragons (Depths:4)
  3 wizards
  3 ironbound convokers
  4 deep elf pyromancers
  A harpy (Vaults:2)
  6 phantasmal warriors
  7 deep elf zephyrmancers (Elf:1)
  A shining eye (Slime:1)
  3 necromancers
  15 ugly things
  8 moths of wrath
  A rust devil (Depths:3)
  6 vault sentinels
  A black mamba (Zig:13)
  2 orange demons (Depths:1)
  2 smoke demons
  4 yaktaurs
  A tengu conjurer (Depths:2)
  An ancient zyme (Zig:14)
  A red devil (Depths:1)
  A hornet (Depths:1)
  A hellwing (Depths:1)
  A jumping spider (shapeshifter) (D:15)
  18 slime creatures
  A culicivora (shapeshifter) (D:15)
  A water elemental (Elf:2)
  A spriggan (shapeshifter) (Vaults:5)
  A draconian simulacrum (Zot:2)
  2 wyverns (Depths:4)
  A basilisk (shapeshifter) (Vaults:3)
  A fire elemental (Elf:2)
  3 chaos spawn
  2 neqoxecs
  A boggart (Elf:1)
  A killer bee (D:6)
  A kobold (D:1)
281 creatures vanquished.

Vanquished Creatures (others)
  An Orb Guardian (Zot:5)
  A vault warden (Vaults:4)
  A black draconian (Zot:4)
  A water elemental (Elf:1)
  A killer bee (D:6)
  An orc priest (D:3)
  2 orcs (D:3)
  An endoplasm (D:1)
  A jackal (D:1)
  A kobold (D:4)
  31 fungi
  253 plants
  3 starspawn tentacles (Zig:14)
  19 tentacles (Shoals:4)
  2 withered plants (D:10)
319 creatures vanquished.

Grand Total: 2988 creatures vanquished

Notes
Turn   | Place    | Note
-------+----------+-------------------------------------------
     0 | D:1      | ragingrage the Draconian Artificer began the quest for the
                  | Orb.
     0 | D:1      | Reached XP level 1. HP: 16/16 MP: 1/1
    39 | D:1      | Reached skill level 1 in Stealth
   225 | D:1      | Found a faded altar of an unknown god.
   346 | D:1      | Prayed at the altar of an unknown god.
   346 | D:1      | Became a worshipper of Ashenzari the Shackled
   410 | D:1      | Reached XP level 2. HP: 23/23 MP: 2/2
   516 | D:1      | Found Pyetzeqi's Assorted Antiques.
   821 | D:1      | Reached XP level 3. HP: 27/30 MP: 3/3
  1853 | D:2      | Reached XP level 4. HP: 35/37 MP: 4/4
  2502 | D:3      | Reached * piety under Ashenzari
  2509 | D:3      | Learned a level 2 spell: Scorch
  2796 | D:3      | Reached skill level 1 in Short Blades
  3246 | D:4      | Reached ** piety under Ashenzari
  3373 | D:4      | Identified the +0 ring mail of Existentialism {Fly rCorr}
  3469 | D:4      | Noticed a scorpion
  3496 | D:4      | Killed a scorpion
  3497 | D:4      | Reached skill level 1 in Fire Magic
  3497 | D:4      | Reached XP level 5. HP: 24/42 MP: 1/5
  3926 | D:4      | Found a blossoming altar of Fedhas.
  3975 | D:4      | Reached XP level 6. HP: 36/50 MP: 0/7
  4063 | D:4      | Reached skill level 1 in Spellcasting
  4346 | D:5      | Entered Level 5 of the Dungeon
  4587 | D:5      | Your scales start taking on a rich purple colour.
  4587 | D:5      | Reached XP level 7. HP: 56/56 MP: 5/10
  4998 | D:6      | Noticed Strat's ghost (novice DrRe)
  5182 | D:6      | Found a glowing drain.
  5207 | Sewer    | Entered a sewer
  5213 | Sewer    | Learned a level 4 spell: Flame Wave
  5582 | Sewer    | Reached skill level 5 in Evocations
  5603 | Sewer    | Reached skill level 1 in Conjurations
  5936 | Sewer    | Found a viscous altar of Jiyva.
  6026 | D:6      | Noticed Menkaure
  6030 | D:6      | Killed Menkaure
  6031 | D:6      | Reached skill level 5 in Fire Magic
  6155 | D:6      | Found a runed translucent gate.
  6155 | D:6      | Found a runed translucent gate.
  6155 | D:6      | Found a runed translucent gate.
  6183 | D:6      | Reached XP level 8. HP: 62/62 MP: 9/14
  6325 | D:6      | Identified the +6 war axe "Killer Klown's Doom" {spect,
                  | *Noise rC+ Str+4}
  6561 | D:6      | Noticed Grinder
  6711 | D:6      | Killed Grinder
  6712 | D:6      | Reached skill level 5 in Fighting
  7029 | D:7      | Noticed Joseph
  7073 | D:7      | Found a stormy altar of Qazlal.
  7074 | D:7      | Found a broken altar of Ashenzari.
  7343 | D:7      | Found a staircase to the Ecumenical Temple.
  7379 | D:7      | Reached *** piety under Ashenzari
  7506 | D:7      | Found a white marble altar of Elyvilon.
  7999 | D:8      | Found Aoidirph's Alliterative Accessories.
  8005 | D:8      | Bought a potion of berserk rage for 65 gold pieces
  8151 | D:8      | Noticed Erica
  8223 | D:8      | Found Diasch's Book Shoppe.
  8289 | D:8      | Reached XP level 9. HP: 74/74 MP: 8/16
  8313 | D:8      | Reached skill level 1 in Axes
  8437 | D:8      | Identified Sif Muna's Incunable of the Viridian Geodesic
  8649 | D:8      | Reached skill level 5 in Spellcasting
  9500 | D:9      | Noticed a death yak
  9639 | D:8      | Reached skill level 5 in Dodging
 10043 | D:9      | Reached skill level 5 in Axes
 10278 | D:9      | Noticed a two-headed ogre
 10286 | D:8      | Reached XP level 10. HP: 75/88 MP: 3/19
 10424 | D:9      | Noticed a death yak
 10424 | D:9      | Noticed a death yak
 10584 | D:9      | Killed a two-headed ogre
 10726 | D:9      | Paralysed by a hornet for 3 turns
 11172 | D:9      | Reached **** piety under Ashenzari
 11656 | D:8      | Killed Erica
 11727 | D:9      | Killed a death yak
 12044 | D:9      | Found a staircase to the Lair.
 12134 | D:9      | Found a runed translucent door.
 12134 | D:9      | Noticed superbruh's ghost (novice MiFi)
 12394 | D:8      | Killed a death yak
 12395 | D:8      | Reached XP level 11. HP: 23/99 MP: 14/22
 12747 | D:9      | Killed a death yak
 12834 | D:10     | Entered Level 10 of the Dungeon
 12847 | D:9      | Reached skill level 10 in Axes
 13973 | D:11     | Found a sparkling altar of Nemelex Xobeh.
 14089 | D:11     | Noticed a two-headed ogre
 14089 | D:11     | Identified the +5 pair of gloves of Dishonour {Drain Dex+4}
 14092 | D:11     | Killed a two-headed ogre
 14093 | D:11     | Found a portal to a secret trove of treasure.
 14102 | D:11     | Found a gateway to a bazaar.
 14177 | D:11     | Noticed a two-headed ogre
 14183 | D:11     | Killed a two-headed ogre
 14184 | D:11     | Reached XP level 12. HP: 93/106 MP: 23/23
 14469 | D:11     | Reached ***** piety under Ashenzari
 14470 | D:11     | Noticed Grum
 14478 | D:11     | Killed Grum
 14659 | D:11     | Identified the +0 ring mail of Ibricyek {rN+ SInv}
 16122 | Lair:1   | Entered Level 1 of the Lair of Beasts
 16761 | Lair:1   | Found a snail-covered altar of Cheibriados.
 17927 | Lair:2   | Reached skill level 10 in Fighting
 18420 | Lair:2   | Reached skill level 1 in Earth Magic
 18521 | Lair:2   | Reached XP level 13. HP: 110/122 MP: 27/27
 18607 | Lair:2   | Found a staircase to the Snake Pit.
 19231 | Lair:3   | Found a dark tunnel.
 19247 | Volcano  | Entered a volcano
 19593 | Volcano  | Reached skill level 5 in Conjurations
 20039 | Lair:3   | Noticed Amaemon
 20051 | Lair:3   | Killed Amaemon
 20458 | Lair:3   | Found a staircase to the Shoals.
 20471 | Lair:3   | Reached skill level 5 in Earth Magic
 21231 | D:8      | Bought a scroll of acquirement for 676 gold pieces
 21232 | D:8      | Acquired the +10 battleaxe of Zase {freeze, rC+ Will+}
 21344 | Lair:4   | Found a viscous altar of Jiyva.
 21387 | Lair:4   | Found a staircase to the Slime Pits.
 21412 | Lair:4   | Found a frozen archway.
 21431 | IceCv    | Entered an ice cave
 22742 | IceCv    | Found an ancient bone altar of Kikubaaqudgha.
 22940 | IceCv    | Identified the ring "Utocsyste" {rN+ rCorr}
 23146 | Lair:4   | Learned a level 6 spell: Iron Shot
 23152 | Lair:4   | Learned a level 5 spell: Borgnjor's Vile Clutch
 23160 | Lair:4   | Learned a level 7 spell: Spellforged Servitor
 23188 | Lair:4   | Reached XP level 14. HP: 111/135 MP: 28/28
 23189 | Lair:4   | Reached skill level 1 in Shields
 24079 | Lair:5   | Entered Level 5 of the Lair of Beasts
 24618 | Lair:5   | Reached skill level 1 in Necromancy
 25068 | Lair:5   | Reached skill level 5 in Shields
 26328 | Lair:5   | Reached XP level 15. HP: 133/141 MP: 16/29
 26336 | Lair:5   | Found a corrupted altar of Lugonu.
 26336 | Lair:5   | Found a one-way gate to the infinite horrors of the Abyss.
 27218 | D:9      | Killed superbruh's ghost
 27219 | D:9      | Reached skill level 10 in Conjurations
 27513 | D:12     | Found a staircase to the Orcish Mines.
 28225 | D:13     | Noticed Frances
 28338 | D:13     | Reached skill level 5 in Necromancy
 28378 | D:13     | Found a hazy altar of Hepliaklqana.
 28551 | D:13     | Noticed Coanextu's ghost (journeyman HOFi)
 28552 | D:13     | Found a transporter.
 28830 | D:13     | Noticed Azrael
 29184 | D:13     | Found a transporter.
 29190 | D:13     | Found a transporter.
 29217 | D:13     | Found a transporter.
 29402 | D:13     | Found a hazy altar of Hepliaklqana.
 29564 | D:13     | Killed Azrael
 29579 | D:13     | Killed Frances
 30369 | D:1      | Bought a potion of might for 64 gold pieces
 30369 | D:1      | Bought a scroll of acquirement for 832 gold pieces
 30369 | D:1      | Acquired 782 gold pieces
 30371 | D:1      | Acquired the amulet "Kiogoi" {Reflect rPois SH+5}
 30602 | Orc:1    | Entered Level 1 of the Orcish Mines
 30849 | Orc:2    | Entered Level 2 of the Orcish Mines
 30849 | Orc:2    | Found Nanlet's Antique Weapon Shop.
 30971 | Orc:2    | Found Uhishax's Book Shoppe.
 31001 | Orc:2    | Found a staircase to the Elven Halls.
 32724 | Orc:2    | Found Ziusuuh's Armour Shoppe.
 32766 | Orc:2    | Found Zomi's Antique Armour Boutique.
 32784 | Orc:2    | Found Xieli's Assorted Antiques.
 32799 | Orc:2    | Bought a fluorescent wand for 120 gold pieces
 33080 | Orc:2    | Found Eqoff's Book Boutique.
 33208 | Orc:2    | Found an ancient bone altar of Kikubaaqudgha.
 33332 | Orc:2    | Found Seusonwa's Antique Weapon Boutique.
 33337 | Orc:2    | Noticed Erolcha
 33341 | Orc:2    | Killed Erolcha
 33452 | Orc:2    | Found a radiant altar of Vehumet.
 33479 | Orc:2    | Found Zutegh's Antique Armour Shop.
 33486 | Orc:2    | Bought a runed scarf for 184 gold pieces
 33492 | Orc:2    | Bought a runed buckler for 172 gold pieces
 33890 | Orc:2    | Found Ofetach's Distillery.
 34040 | Orc:2    | Bought a potion of heal wounds for 60 gold pieces
 34040 | Orc:2    | Bought a potion of brilliance for 48 gold pieces
 34148 | Orc:2    | Bought a manual of Conjurations for 1040 gold pieces
 34432 | Snake:1  | Entered Level 1 of the Snake Pit
 34680 | Snake:1  | Reached skill level 1 in Summonings
 35629 | Snake:1  | Reached skill level 10 in Earth Magic
 35830 | Snake:1  | Reached XP level 16. HP: 147/147 MP: 11/29
 38311 | Snake:2  | Reached skill level 5 in Summonings
 40792 | Snake:3  | Found Biclytam's Antique Armour Boutique.
 41060 | Snake:3  | Learned a level 2 spell: Blink
 41230 | Snake:3  | Reached skill level 1 in Translocations
 41325 | Snake:3  | Reached skill level 15 in Conjurations
 41569 | Snake:4  | Entered Level 4 of the Snake Pit
 42224 | Snake:4  | Reached XP level 17. HP: 119/158 MP: 4/32
 42789 | Snake:4  | Reached skill level 5 in Stealth
 45147 | Snake:4  | Got a serpentine rune of Zot
 45313 | Shoals:1 | Entered Level 1 of the Shoals
 45772 | Shoals:1 | Noticed Kirke
 45778 | Shoals:1 | Reached skill level 10 in Summonings
 45779 | Shoals:1 | Killed Kirke
 47658 | Shoals:2 | Noticed Aizul
 47673 | Shoals:2 | Killed Aizul
 48998 | Shoals:3 | Noticed Jorgrun
 49013 | Shoals:2 | Killed Jorgrun
 49014 | Shoals:2 | Reached XP level 18. HP: 109/165 MP: 6/32
 51159 | Shoals:4 | Entered Level 4 of the Shoals
 51522 | Shoals:4 | Acquired 896 gold pieces
 54154 | Shoals:4 | Identified the ring of the Gloaming {Ice Str+4 Int+2}
 54506 | Shoals:4 | Got a barnacled rune of Zot
 55654 | D:14     | Found a gate to the Vaults.
 56174 | D:14     | Reached skill level 15 in Summonings
 56368 | D:15     | Entered Level 15 of the Dungeon
 56376 | D:15     | Found Qikhletwu's Jewellery Shop.
 56722 | D:15     | Found a staircase to the Depths.
 57404 | D:15     | Found a broken altar of Ashenzari.
 57814 | Elf:1    | Entered Level 1 of the Elven Halls
 57919 | Elf:1    | Identified the +3 ring mail of a Billion People {Rampage
                  | Str+3 Int+2}
 58042 | Elf:1    | Reached XP level 19. HP: 143/177 MP: 6/36
 58643 | Elf:2    | Found a runed translucent gate.
 58643 | Elf:2    | Found a runed translucent gate.
 58643 | Elf:2    | Found a runed translucent gate.
 59269 | Elf:3    | Entered Level 3 of the Elven Halls
 59295 | Elf:3    | Paralysed by an air elemental for 1 turns
 59487 | Elf:3    | Noticed Nikola
 59557 | Elf:3    | Found Itooliad's Magic Scroll Emporium.
 59566 | Elf:3    | Bought a scroll of butterflies for 60 gold pieces
 59566 | Elf:3    | Bought a scroll of blinking for 112 gold pieces
 59566 | Elf:3    | Bought a scroll of teleportation for 45 gold pieces
 59566 | Elf:3    | Bought a scroll of magic mapping for 112 gold pieces
 59656 | Elf:3    | Found a radiant altar of Vehumet.
 60503 | Elf:1    | Found Archokhy's Overcharged Wands.
 61326 | Elf:1    | Reached skill level 10 in Evocations
 61763 | Vaults:1 | Entered Level 1 of the Vaults
 62842 | Vaults:1 | Reached skill level 10 in Spellcasting
 64706 | Vaults:2 | Reached XP level 20. HP: 184/184 MP: 5/39
 67128 | Vaults:2 | Reached skill level 10 in Dodging
 67857 | Vaults:2 | Identified the Atlas of Earthen Poisoning
 67861 | Vaults:2 | Reached skill level 10 in Fire Magic
 69036 | Vaults:3 | Reached ****** piety under Ashenzari
 69046 | Vaults:3 | Learned a level 8 spell: Ignition
 70247 | Vaults:3 | Found a staircase to the Crypt.
 70506 | Vaults:3 | Noticed Donald
 70515 | Vaults:3 | Killed Donald
 71852 | Vaults:4 | Reached XP level 21. HP: 167/198 MP: 5/40
 73428 | Depths:1 | Entered Level 1 of the Depths
 73988 | Bazaar   | Entered a bazaar
 73988 | Bazaar   | Found Nipsonei's Antique Weapon Shoppe.
 73988 | Bazaar   | Found Vudwie's Magic Scroll Boutique.
 73988 | Bazaar   | Found Xafyfed's Book Shoppe.
 73988 | Bazaar   | Found Xuucog's Weapon Shop.
 73990 | Bazaar   | Found Rurgholobb's Assorted Antiques.
 73990 | Bazaar   | Found Fogred's Antique Weapon Shop.
 73998 | Bazaar   | Bought a potion of heal wounds for 135 gold pieces
 74003 | Bazaar   | Bought an iridescent morningstar for 162 gold pieces
 74003 | Bazaar   | Identified the +6 morningstar of the Feeding Oracle
                  | {protect, +Blink} (You bought it in a shop in a bazaar)
 74011 | Bazaar   | Bought a scroll of teleportation for 39 gold pieces
 74011 | Bazaar   | Bought a scroll of butterflies for 52 gold pieces
 74011 | Bazaar   | Bought a scroll of magic mapping for 97 gold pieces
 74011 | Bazaar   | Bought a scroll of magic mapping for 97 gold pieces
 74019 | Bazaar   | Bought a book of Annihilations for 780 gold pieces
 75419 | Depths:1 | Paralysed by a floating eye for 3 turns
 75699 | Depths:1 | Noticed Mara
 75701 | Depths:1 | Killed Mara
 76037 | Depths:1 | Found a white marble altar of Elyvilon.
 76115 | Depths:1 | Found a gateway to Hell.
 76281 | Depths:1 | Found a one-way gate leading to the halls of Pandemonium.
 76592 | Depths:2 | Found a transporter.
 76596 | Depths:2 | Identified the ring "Nudeor" {rElec rPois rCorr}
 76596 | Depths:2 | Identified the amulet "Anioh" {Spirit Fly rPois Int+3}
 77196 | Depths:2 | Found a transporter.
 79415 | D:13     | Killed Coanextu's ghost
 79784 | D:6      | Killed Strat's ghost
 79785 | D:6      | Reached XP level 22. HP: 208/209 MP: 35/43
 79910 | D:7      | Killed Joseph
 80915 | Depths:3 | Reached skill level 15 in Earth Magic
 81711 | Depths:3 | Noticed a caustic shrike
 81716 | Depths:3 | Killed a caustic shrike
 81821 | Depths:3 | Identified the ring "Xiryum" {MP+9 Dex+2}
 82065 | Depths:3 | Learned a level 9 spell: Shatter
 82201 | Depths:3 | Noticed a juggernaut
 82524 | Depths:3 | Noticed a golden dragon
 82628 | Depths:3 | Killed a juggernaut
 82631 | Depths:3 | Noticed a juggernaut
 82828 | Depths:3 | Killed a juggernaut
 82954 | Depths:3 | Killed a golden dragon
 83021 | Depths:3 | Identified the +7 plate armour "Giwkuicw" {MP+9 Str+4 SInv
                  | Stlth-}
 84221 | Depths:3 | Noticed a golden dragon
 84228 | Depths:3 | Killed a golden dragon
 84540 | Depths:3 | Noticed a golden dragon
 84547 | Depths:3 | Killed a golden dragon
 85129 | Depths:4 | Entered Level 4 of the Depths
 85579 | Depths:4 | Found the +8 Vampire's Tooth {megavamp}
 85647 | Depths:4 | Noticed a golden dragon
 85650 | Depths:4 | Killed a golden dragon
 85722 | Depths:4 | Found a one-way gateway to a ziggurat.
 85730 | Depths:4 | Reached XP level 23. HP: 215/215 MP: 19/45
 87196 | Depths:4 | Found a gate to the Realm of Zot.
 87578 | Depths:4 | Noticed a juggernaut
 87583 | Depths:4 | Killed a juggernaut
 88434 | Depths:2 | Reached skill level 15 in Fighting
 90003 | Vaults:5 | Entered Level 5 of the Vaults
 90526 | Vaults:5 | Reached skill level 15 in Evocations
 91676 | Vaults:5 | Noticed a dread lich
 91678 | Vaults:5 | Reached XP level 24. HP: 149/228 MP: 28/46
 91679 | Vaults:5 | Killed a dread lich
 93436 | Vaults:5 | Found Cioff's Antique Weapon Shop.
 93443 | Vaults:5 | Bought a jewelled short sword for 272 gold pieces
 93443 | Vaults:5 | Identified the +1 short sword of Puime {heavy, rElec rC-
                  | rN++ Dex-5} (You bought it in a shop on level 5 of the
                  | Vaults)
 93448 | Vaults:5 | Got a silver rune of Zot
 93630 | Vaults:5 | Identified the ring "Aptohir" {Fire rN++ rCorr Int+3 Dex-5}
 93808 | Vaults:5 | Identified the ring of Xasta {rF+ rC+ Stlth+}
 93888 | Vaults:5 | Identified the +0 demon blade "Ekhaesit" {freeze, rC+ Str+2
                  | Stlth-}
 94071 | Vaults:5 | Identified the +5 dagger "Akhyigh" {freeze, Int+6}
 94097 | Vaults:5 | Reached skill level 15 in Spellcasting
 94470 | Vaults:5 | Found Bogoopn's Jewellery Boutique.
 94904 | Slime:1  | Entered Level 1 of the Pits of Slime
 95158 | Slime:1  | Gained mutation: You are frail. (-10% HP) [a shining eye]
 97782 | Slime:5  | Entered Level 5 of the Pits of Slime
 98106 | Slime:5  | Gained mutation: You are very frail. (-20% HP) [a shining
                  | eye]
 98107 | Slime:5  | Gained mutation: Your flesh is heat resistant. (rF+) [a
                  | shining eye]
 98334 | Slime:5  | Noticed the Royal Jelly
 98338 | Slime:5  | Killed the Royal Jelly
 98591 | Slime:5  | Identified the +1 plate armour of Absolutism {rElec Regen+
                  | Str+5 Dex-4}
 98592 | Slime:5  | Identified the +5 leather armour "Unte Hask" {+Blink Str-4
                  | Int+3}
 98592 | Slime:5  | Identified the +0 quarterstaff of Garobom {distort, Fragile
                  | rC+ rCorr Dex+2}
 98592 | Slime:5  | Identified the +5 glaive of Vixaopt {heavy, rC+ Will+
                  | Int-4}
 98592 | Slime:5  | Identified the +9 dagger "Joeruzi" {heavy, +Blink rPois
                  | MP-9 Dex+4}
 98593 | Slime:5  | Identified the ring of Gudaq {rF+ rN++ MP+9 Stlth-}
 98593 | Slime:5  | Identified the +7 flail of Innocence {venom, Int+2}
 98603 | Slime:5  | Learned a level 2 spell: Wereblood
 98613 | Slime:5  | Identified the +7 quarterstaff of Hoatuu Fewa {vamp, rPois
                  | rF- Str+5}
 98666 | Slime:5  | Got a slimy rune of Zot
 99921 | D:8      | Bought a book of Alchemy for 336 gold pieces
 99921 | D:8      | Bought a book of Winter for 408 gold pieces
 99927 | D:8      | Learned a level 5 spell: Irradiate
 99931 | D:8      | Learned a level 3 spell: Ozocubu's Armour
100184 | Zig:1    | Entered Level 1 of a ziggurat
100185 | Zig:1    | Noticed Ciyd the pandemonium lord
100191 | Zig:1    | Killed Ciyd the pandemonium lord
100192 | Zig:1    | Reached skill level 1 in Transmutations
100298 | Zig:2    | Entered Level 2 of a ziggurat
100345 | Zig:3    | Entered Level 3 of a ziggurat
100489 | Zig:4    | Entered Level 4 of a ziggurat
100559 | Zig:4    | Reached XP level 25. HP: 196/196 MP: 33/49
100611 | Zig:5    | Entered Level 5 of a ziggurat
100616 | Zig:5    | Noticed a dread lich
100619 | Zig:5    | Killed a dread lich
100702 | Zig:6    | Entered Level 6 of a ziggurat
100708 | Zig:6    | Identified Jeoddos's Papyrus of Virulence
100713 | Zig:6    | Identified the +0 great sword of Gravity {antimagic, rC+
                  | Int+3}
100847 | Zig:7    | Entered Level 7 of a ziggurat
100856 | Zig:7    | Reached skill level 10 in Stealth
100859 | Zig:7    | Identified the +7 dire flail of Doom {freeze, rC+ Will++
                  | Dex+2}
100975 | Zig:8    | Entered Level 8 of a ziggurat
100980 | Zig:8    | Identified the +1 leather armour of Qazlal's Outrage {rPois
                  | MP+9}
100982 | Zig:8    | Reached skill level 5 in Transmutations
100982 | Zig:8    | Reached XP level 26. HP: 203/203 MP: 41/49
100986 | Zig:8    | Identified the amulet of Duacroru {rC+ Will+ Regen+ Str+2}
101133 | Zig:9    | Entered Level 9 of a ziggurat
101140 | Zig:9    | Found the +5 Lochaber axe {reach-cleave, Poleaxe Drain}
101141 | Zig:9    | Identified the +0 dagger "Gimeprot" {pain, Int-2 Dex+5
                  | Stlth+}
101249 | Zig:9    | Reached XP level 27. HP: 208/208 MP: 49/49
101253 | Zig:10   | Entered Level 10 of a ziggurat
101258 | Zig:10   | Identified the amulet "Miell" {RegenMP Will+}
101260 | Zig:10   | Identified the +11 short sword of the Lesser Evil {freeze,
                  | Drain rPois rF+ Stlth+}
101261 | Zig:10   | Identified the +0 trident "Ahenorghele" {freeze, +Blink
                  | Int+2 Dex+3}
101429 | Zig:11   | Entered Level 11 of a ziggurat
101439 | Zig:11   | Identified the Folio of the Grim Tempest
101439 | Zig:11   | Identified the +1 plate armour of the Dice {Will++ Dex+3}
101439 | Zig:11   | Noticed an ancient lich
101442 | Zig:11   | Killed an ancient lich
101740 | Zig:12   | Entered Level 12 of a ziggurat
101749 | Zig:12   | Identified the ring of Ovesief {Will+ Stlth+}
101936 | Zig:13   | Entered Level 13 of a ziggurat
101945 | Zig:13   | Identified Zudghuut's Tome of the Ill-starred Barrage
101956 | Zig:13   | Identified the +6 plate armour of Paneonuh {rF++ rC+ Will+}
101956 | Zig:13   | Identified the +4 arbalest of Past Mistakes {speed, rElec
                  | rC++}
102112 | Zig:14   | Entered Level 14 of a ziggurat
102124 | Zig:14   | Identified the ring "Cankecw" {rF++ rC+ Dex-5}
102140 | Zig:14   | Identified the ring "Ciminn" {Str+6 Int-3 Dex+3}
102140 | Zig:14   | Identified the +5 trident of Tumult {freeze, Int+2 Dex+3}
102141 | Zig:14   | Identified the +1 plate armour "Risoteg" {Str+4 Dex+4}
102161 | Zig:14   | Reached skill level 15 in Fire Magic
102321 | Zig:15   | Entered Level 15 of a ziggurat
102350 | Zig:15   | Identified the +4 quarterstaff of Analysis {freeze, rF-
                  | Int+2 Dex+3}
102350 | Zig:15   | Identified the Papyrus of Cankerous Black Rituals
102641 | Zig:16   | Entered Level 16 of a ziggurat
102653 | Zig:16   | Reached skill level 10 in Shields
102653 | Zig:16   | Noticed a dread lich
102654 | Zig:16   | Killed a dread lich
102655 | Zig:16   | Found the +6 arbalest "Damnation" {damnation}
102661 | Zig:16   | Identified Sif Muna's Vademecum on Flammable Reformation
102847 | Zig:17   | Entered Level 17 of a ziggurat
102859 | Zig:17   | Noticed an ancient lich
102859 | Zig:17   | Identified the +8 morningstar "Asehorip" {speed, +Blink
                  | Int+5}
102861 | Zig:17   | Killed an ancient lich
102905 | Zig:17   | Identified the ring "Nuol Russ" {rF+ rCorr MP+9 Int-3}
102906 | Zig:17   | Identified the +1 pair of boots "Siolycru" {Harm}
102906 | Zig:17   | Identified the Lessons on Intoxicating Ashes
102986 | Zig:17   | Lost mutation: Your flesh is heat resistant. (rF+) [potion
                  | of mutation]
102986 | Zig:17   | Lost mutation: You are very frail. (-20% HP) [potion of
                  | mutation]
102986 | Zig:17   | Lost mutation: You are frail. (-10% HP) [potion of
                  | mutation]
102986 | Zig:17   | Gained mutation: You do not regenerate when monsters are
                  | visible. [potion of mutation]
102987 | Zig:17   | Lost mutation: You do not regenerate when monsters are
                  | visible. [potion of mutation]
102987 | Zig:17   | Gained mutation: Your body sometimes deteriorates upon
                  | taking damage. [potion of mutation]
102987 | Zig:17   | Gained mutation: You have an increased reservoir of magic.
                  | (+10% MP) [potion of mutation]
103144 | Zig:18   | Entered Level 18 of a ziggurat
103159 | Zig:18   | Noticed an ancient lich
103163 | Zig:18   | Upgraded the game from 0.30-a0-738-g116ff8c4af to
                  | 0.30-a0-739-gea05faddec
103174 | Zig:18   | Killed an ancient lich
103178 | Zig:18   | Identified the +0 leather armour "Qutuerer" {rPois Dex+5}
103179 | Zig:18   | Identified the +2 hand axe of the Eternal Void {drain,
                  | *Corrode Str+9 Int+4}
103204 | Zig:18   | Identified the +5 glaive "Coix" {flame, Int+2}
103279 | Zig:19   | Entered Level 19 of a ziggurat
103289 | Zig:19   | Reached skill level 15 in Dodging
103311 | Zig:19   | Identified the +5 bardiche of Sunlight {flame, Dex+3}
103311 | Zig:19   | Identified the +12 crystal plate armour of Qazlal's
                  | Vengeance {Dex-2 Slay+6}
103810 | Orc:2    | Bought a smoking rapier for 270 gold pieces
103810 | Orc:2    | Identified the +4 rapier "Dujycw" {antimagic, Str+4 Int+2}
                  | (You bought it in a shop on level 2 of the Orcish Mines)
103900 | Orc:2    | Bought a steaming dagger for 175 gold pieces
103900 | Orc:2    | Identified the +5 dagger of the Pits of Slime {pain, *Slow
                  | Str+8} (You bought it in a shop on level 2 of the Orcish
                  | Mines)
104246 | Zot:1    | Entered Level 1 of the Realm of Zot
107072 | Zot:2    | Identified the ring "Afoq" {Ice SInv}
107072 | Zot:2    | Noticed Josephina
107079 | Zot:2    | Killed Josephina
107902 | Zot:3    | Acquired 497 gold pieces
108571 | Zot:3    | Found a runed translucent door.
108572 | Zot:3    | Found a shimmering altar of Xom.
108572 | Zot:3    | Noticed b0rk's ghost (master OgBe)
108591 | Zot:3    | Reached skill level 15 in Shields
108604 | Zot:3    | Reached skill level 10 in Necromancy
109614 | Zot:3    | Found the +4 dragonskin cloak
109614 | Zot:3    | Noticed Tiamat
109630 | Zot:3    | Killed Tiamat
112176 | Zot:5    | Entered Level 5 of the Realm of Zot
112179 | Zot:4    | Acquired Improving Your Thaumaturgy
112188 | Zot:4    | Learned a level 6 spell: Statue Form
113445 | Zot:5    | Reached skill level 15 in Necromancy
113860 | Zot:5    | Noticed an orb of fire
113864 | Zot:5    | Killed an orb of fire
114329 | Zot:5    | Noticed an orb of fire
114332 | Zot:5    | Noticed an orb of fire
114337 | Zot:5    | Gained mutation: You occasionally lose the ability to drink
                  | potions when taking damage. [an orb of fire]
114338 | Zot:5    | Killed an orb of fire
114341 | Zot:5    | Killed an orb of fire
114377 | Zot:5    | Noticed an orb of fire
114522 | Zot:5    | Noticed an orb of fire
114525 | Zot:5    | Noticed an orb of fire
114527 | Zot:5    | Gained mutation: You have a pair of small horns on your
                  | head. [an orb of fire]
114532 | Zot:4    | Killed an orb of fire
114912 | Zot:5    | Noticed an orb of fire
114916 | Zot:5    | Killed an orb of fire
115259 | Zot:5    | Killed an orb of fire
115806 | Zot:5    | Gained mutation: Your body often deteriorates upon taking
                  | damage. [an orb of fire]
115807 | Zot:5    | Gained mutation: You have hidden genetic defects. [an orb
                  | of fire]
115810 | Zot:5    | Killed an orb of fire
115812 | Zot:5    | Lost mutation: You have an increased reservoir of magic.
                  | (+10% MP) [potion of mutation]
115812 | Zot:5    | Lost mutation: You have hidden genetic defects. [potion of
                  | mutation]
115812 | Zot:5    | Gained mutation: Your flesh is heat resistant. (rF+)
                  | [potion of mutation]
115978 | Zot:5    | Noticed an orb of fire
115984 | Zot:5    | Gained mutation: Your magical capacity is low. (-10% MP)
                  | [an orb of fire]
115986 | Zot:5    | Killed an orb of fire
116297 | Zot:5    | Noticed a dread lich
116302 | Zot:5    | Killed a dread lich
116800 | Zot:5    | Learned a level 9 spell: Death's Door
118232 | Zot:5    | Got the Orb of Zot
118505 | Depths:1 | Noticed a seraph
118621 | D:9      | Noticed Binah the pandemonium lord
118768 | D:$      | Escaped with the Orb!

Illustrated notes

Levels and vault maps discovered:
D:1:      elethiomel_arrival_shortcut, layout_basic,
          dreamdust_ecumenical_altar_drowned_temple, serial_shops, shop,
          hangedman_decor_points
D:2:      layout_basic
D:3:      layout_basic, hangedman_decor_clover_reticule, reono_crystal_passage,
          minmay_starry_boxes
D:4:      layout_rooms, fedhas_altar_3, kennysheep_generic_room_15
D:5:      layout_cave_pools
D:6:      layout_loops_ring, portal_sewer_entry_f, gammafunk_ghost_split,
          kennysheep_donut, uniq_menkaure, uniq_grinder
D:7:      layout_basic, grunt_temple_overflow_open,
          minmay_temple_entry_mini_moons, ebering_dispersal_statue_hall,
          chequers_mini_garden, uniq_joseph
D:8:      kennysheep_spiral_hall, layout_loops_corners, serial_shops,
          kennysheep_little_box, nicolae_alphabet_shops, uniq_erica
D:9:      layout_cave_pools, dpeg_lair_monsters, ebering_ghost_reflecting_pool
D:10:     layout_loops_ring, serial_undead, serial_undead_f, serial_undead_f,
          serial_undead_e, serial_undead_d, serial_undead_b
D:11:     layout_roguey, nicolae_trove_entry_isolated, serial_shops,
          bzr_entry_gold, small_statue_intersection,
          nemelex_xobeh_ov_fountains_minmay, uniq_grum
D:12:     layout_basic, orc_0_dummy, lemuel_flamethrower_3
D:13:     layout_long_grid, gammafunk_ghost_berserking_beasts,
          nicolae_hepliaklqana_hazy_memory, uniq_azrael, uniq_frances
D:14:     layout_roguey, hangedman_vaults_entry_quadrant_bands,
          infiniplex_staircase_squiggle
D:15:     grunt_enter_depths_giant_problem, layout_basic,
          chequers_serial_rivers_large_a, serial_shops, nicolae_shop_waterfront,
          columned_hall_lemuel, cheibrodos_ashenzari_chains
Lair:1:   layout_regular_city, eino_small_chamber_without_monster,
          kennysheep_snail_temple
Lair:2:   layout_gridlike, nicolae_snake_entry_warm_welcome
Lair:3:   layout_big_grid, elwin_shoals_entry_stream, enter_volcano_2,
          lemuel_fruit_tree, uniq_amaemon
Lair:4:   layout_concentric_octagons, nicolae_slime_entry_field_trip,
          portal_ice_cave_entry_imps, grunt_megastairs_2, lemuel_fruit_fields
Lair:5:   hellmonk_lair_end_abyssal_woods, layout_hall_layers, minivault_27,
          grunt_megastairs_4
Shoals:1: layout_shoals, uniq_kirke
Shoals:2: cheibrodos_shoals_baths, layout_shoals, nicolae_shoals_water_booths,
          uniq_aizul
Shoals:3: layout_shoals, nicolae_shoals_pincushion_passage, uniq_jorgrun
Shoals:4: shoals_end_grunt_ice, layout_shoals
Snake:1:  layout_layer_cave, hangedman_snake_corridor_cut
Snake:2:  layout_cave_shapes, nicolae_snake_biting_tails, grunt_megastairs_3
Snake:3:  layout_misc_corridors, serial_shops, nicolae_shop_trees,
          serial_bayou_ford_a, nicolae_snake_snakes_in_the_grass
Snake:4:  grunt_snake_rune_pools, layout_basic
Slime:1:  nicolae_slime_pool, layout_caves, cheibrodos_slime_lost_civilization_6
Slime:2:  layout_caves
Slime:3:  layout_caves
Slime:4:  layout_caves
Slime:5
Orc:1:    layout_caves, elves_outpost_lemuel
Orc:2:    kennysheep_orc_mage_school, layout_diamond_mine, serial_shops,
          nicolae_diamond_shop, nicolae_shop_hallway_stairs, shop,
          nicolae_shop_statue_plus, shop
Elf:1:    minmay_elf_arrival_summoners, layout_loops_ring,
          hangedman_elf_disciples, nicolae_shop_overcharged_wands
Elf:2:    nicolae_elf_blades_splatter_lattice
          [nicolae_blade_entry_hurt_lockers], layout_geoelf_octagon
Elf:3:    elf_hall_gauntlet_wide, layout_geoelf_grid, serial_shops,
          nicolae_lakefront_shop, basic_altar,
          nicolae_concentric_dashed_squares_mild, uniq_nikola
Vaults:1: v_misc_24, hangedman_vaults_stagger, st_more_cells,
          hangedman_vaults_stretched_pinwheel, vaults_room_grunt_arrival_ludios,
          v_rooms_3, nicolae_vaults_diagonal_hallway_9, vaults_room_hallway,
          layout_vaults_big_room
Vaults:2: nicolae_vaults_what_the_h, v_alt_pattern_2, v_misc_33,
          nicolae_vaults_specimen_jars, hangedman_vaults_river_flow,
          v_pattern_4, nicolae_vaults_network_quinsquares
          [nicolae_vaults_network_quincunx_subvault,
          nicolae_vaults_network_quincunx_subvault,
          nicolae_vaults_network_quincunx_subvault,
          nicolae_vaults_network_quincunx_subvault], vaults_dpeg_cross,
          ontoclasm_vaults_claustrophobia, layout_vaults_maze
Vaults:3: vaults_room_glass_cross, minmay_crypt_entry_simple_statues,
          v_alt_pattern_6, nicolae_vaults_rhombus_5,
          ontoclasm_vaults_loading_screen, v_misc_14, ontoclasm_vaults_eye,
          layout_vaults_omnigrid, uniq_donald
Vaults:4: hangedman_vaults_restitches, vaults_mumra_chevron_long, v_misc_33,
          grunt_vaults_hallway_long, v_alt_pattern_6, grunt_vaults_focal,
          nicolae_vaults_border_crossing, ontoclasm_vaults_ligature,
          vaults_dpeg_spiral, vaults_room_hallway, vaults_room_corners,
          hangedman_vaults_trim, layout_vaults_omnicross
Vaults:5
Depths:1: layout_small_grid, grunt_pan_entry_zigzag,
          corexii_hall_statues_deadend, hell_entry, abyss_entry,
          elyvilon_altar_4, nicolae_triple_integral, uniq_mara
Depths:2: gammafunk_dig_for_victory, layout_gridlike,
          grunt_pan_entry_in_and_out, hell_entry, minmay_misc_feat_columns,
          kennysheep_generic_room_10, serial_bayou_shore_a
Depths:3: lemuel_castle_with_subvaults [lemuel_castle_interior_carwin_3],
          layout_cave_pools, infiniplex_staircase_x, pf_coc_iceberg,
          abyss_entry, grunt_pan_entry_spiral, minmay_mirror_moons_of_madness
Depths:4: evilmike_zot_entry_gauntlet, layout_basic, enter_ziggurat_c,
          pf_hell_entry_tar_spiral, skrybe_limestone_x,
          minmay_guarded_unrand_vampires_tooth
Zot:1:    layout_misc_corridors
Zot:2:    layout_cathedral_of_symmetry, grunt_megastairs_1, uniq_josephina
Zot:3:    layout_gridlike, ebering_ghost_xom, uniq_tiamat
Zot:4:    kennysheep_blocky_hall, layout_gridlike, hangedman_zot_gyre,
          st_stairs_12, drop_trap
Zot:5:    layout_cellular_growth

Skill      XL: |  1  2  3  4  5  6  7  8  9 10 11 12 13 14 15 16 17 18 19 20 21 22 23 24 25 26 27 |
---------------+----------------------------------------------------------------------------------+-----
Stealth        | 1 2 3 4 5 7 8 9 10 12 | 12.7
Fighting       | 2 5 6 8 10 12 14 16 18 | 18.0
Short Blades   | 1 |  1.3
Fire Magic     | 1 2 4 5 6 9 12 13 16 | 16.9
Evocations     | 4 5 7 13 14 15 16 17 20 | 20.0
Spellcasting   | 2 4 5 7 8 10 11 12 14 15 | 15.9
Conjurations   | 2 3 4 7 9 12 15 17 18 | 18.0
Dodging        | 3 5 6 7 8 10 11 18 | 18.9
Axes           | 6 9 12 | 12.2
Earth Magic    | 1 6 9 10 11 13 17 19 20 | 20.1
Shields        | 6 8 9 15 | 15.0
Necromancy     | 4 8 18 | 18.3
Summonings     | 2 7 12 15 | 15.1
Translocations | 3 |  3.0
Transmutations | 3 5 6 |  6.5

Action                     |  1- 3 |  4- 6 |  7- 9 | 10-12 | 13-15 | 16-18 | 19-21 | 22-24 | 25-27 || total
---------------------------+-------+-------+-------+-------+-------+-------+-------+-------+-------++-------
  Melee: Club              |    90 |       |       |       |       |       |       |       |       ||    90
         Tailslap          |    16 |    11 |     7 |    35 |   134 |   108 |   128 |    46 |    55 ||   540
         Short sword       |   117 |    88 |       |       |       |       |       |       |       ||   205
         Punch             |     1 |     1 |     1 |     3 |     1 |       |       |       |       ||     7
         Morningstar       |       |    20 |    49 |       |       |       |       |       |       ||    69
         War axe           |       |       |    37 |   213 |   625 |   552 |   462 |   173 |   158 ||  2220
         Headbutt          |       |       |       |       |       |       |       |       |     4 ||     4
  Throw: Dart              |       |     5 |     2 |     5 |     1 |     1 |       |     2 |       ||    16
   Cast: Scorch            |       |    24 |   137 |   133 |    91 |       |       |       |       ||   385
         Flame Wave        |       |       |       |     6 |    12 |       |       |       |       ||    18
         Iron Shot         |       |       |       |       |   175 |   417 |   344 |   297 |   295 ||  1528
         Borgnjor's Vile C |       |       |       |       |    21 |    82 |    58 |    26 |    16 ||   203
         Spellforged Servi |       |       |       |       |       |     9 |   104 |    96 |    87 ||   296
         Ignition          |       |       |       |       |       |       |     6 |   108 |    70 ||   184
         Shatter           |       |       |       |       |       |       |       |    47 |    82 ||   129
         Ozocubu's Armour  |       |       |       |       |       |       |       |     1 |     1 ||     2
         Statue Form       |       |       |       |       |       |       |       |       |     1 ||     1
         Irradiate         |       |       |       |       |       |       |       |       |     1 ||     1
 Invoke: Curse Item        |     1 |     4 |     3 |     3 |       |     2 |     2 |     1 |     3 ||    19
         Shatter the Chain |     1 |     2 |       |       |     2 |     1 |       |     1 |     3 ||    10
Ability: Breathe Dispellin |       |       |     6 |     2 |     5 |     3 |     2 |       |     2 ||    20
  Evoke: Wand              |     3 |     5 |     5 |       |     1 |     3 |     2 |     1 |    12 ||    32
         Lightning rod     |       |       |       |       |     1 |     4 |       |       |       ||     5
         Condenser vane    |       |       |       |       |       |       |     4 |     1 |     5 ||    10
         Box of beasts     |       |       |       |       |       |       |       |       |     4 ||     4
    Use: Scroll            |       |       |     2 |     1 |     4 |     1 |     4 |     2 |    13 ||    27
         Potion            |       |       |     1 |       |     1 |       |       |     4 |    32 ||    38
   Stab: Sleeping          |     3 |     4 |     1 |     2 |     1 |     2 |     3 |     1 |       ||    17
         Distracted        |       |       |       |     7 |    24 |    17 |    31 |    15 |    15 ||   109
         Betrayed ally     |       |       |       |       |     2 |     1 |     2 |       |       ||     5
         Petrified         |       |       |       |       |     1 |       |     1 |       |       ||     2
         Petrifying        |       |       |       |       |     1 |       |       |       |       ||     1
         Invisible         |       |       |       |       |       |       |       |       |     1 ||     1
 Armour: Skin              |    71 |    43 |    38 |    68 |   161 |   206 |   180 |   106 |   122 ||   995
  Dodge: Dodged            |   182 |    86 |   115 |   216 |   417 |   410 |   379 |   204 |   299 ||  2308
  Block: Buckler           |       |       |       |       |   116 |   378 |   351 |   163 |   220 ||  1228
         Reflection        |       |       |       |       |     2 |    66 |    45 |     6 |    12 ||   131

Table legend: (Time is in decaauts)
 A = Elapsed time spent in this place.
 B = Non-inter-level travel time spent in this place.
 C = Inter-level travel time spent in this place.
 D = Time resting spent in this place.
 E = Time spent auto-exploring this place.
 F = Levels seen in this place.
 G = Mean time per level.
                   A        B        C        D        E       F      G
               +--------+--------+--------+--------+--------+-----+--------+
         Total | 118870 | 110825 |   8045 |  43572 |  50147 |  75 | 1584.9 |
       Dungeon |  24801 |  20855 |   3946 |   5862 |  11516 |  15 | 1653.4 |
          Lair |   9379 |   8440 |    939 |   2599 |   4304 |   5 | 1875.8 |
        Shoals |   9669 |   9536 |    133 |   4446 |   3690 |   4 | 2417.2 |
     Snake Pit |  10778 |  10585 |    193 |   3285 |   5923 |   4 | 2694.5 |
    Slime Pits |   4104 |   4014 |     90 |   2270 |   1093 |   5 |  820.8 |
  Orcish Mines |   3874 |   3444 |    430 |   1328 |   1585 |   2 | 1937.0 |
   Elven Halls |   3771 |   3620 |    151 |   1047 |   2016 |   3 | 1257.0 |
        Vaults |  16331 |  15640 |    691 |   7054 |   6739 |   5 | 3266.2 |
        Depths |  16091 |  15002 |   1089 |   6930 |   6091 |   4 | 4022.8 |
           Zot |  13873 |  13495 |    378 |   6292 |   5340 |   5 | 2774.6 |
      Ziggurat |   3094 |   3094 |      0 |   1089 |   1183 |  19 |  162.8 |
        Bazaar |     47 |     47 |      0 |      0 |     15 |   1 |   47.0 |
         Sewer |    782 |    782 |      0 |    341 |    213 |   1 |  782.0 |
      Ice Cave |   1600 |   1600 |      0 |    770 |    354 |   1 | 1600.0 |
       Volcano |    671 |    671 |      0 |    258 |     81 |   1 |  671.0 |
               +--------+--------+--------+--------+--------+-----+--------+

Top non-repeatable levels by time:
Depths:2: 5806 daAuts
Vaults:4: 4891 daAuts
   Zot:5: 4781 daAuts
Vaults:1: 3798 daAuts
Depths:3: 3722 daAuts
Depths:4: 3704 daAuts
 Snake:4: 3324 daAuts
   Zot:4: 3160 daAuts
Vaults:2: 3099 daAuts
   Orc:2: 3024 daAuts
     D:9: 3021 daAuts
     D:8: 2976 daAuts
Depths:1: 2859 daAuts
Shoals:4: 2813 daAuts
    D:13: 2804 daAuts
